 Dungeon Crawl Stone Soup version 0.18-a0-1293-g5a2c81a (webtiles) character file.

1376 Ijustatesigmund the Cudgeler (level 8, -16/65 HPs)
             Began as a Demonspawn Fighter on Feb 9, 2016.
             Was an Initiate of Okawaru.
             Demolished by an orc warrior
             ... wielding a +0 glaive
              (22 damage)
             ... on level 7 of the Dungeon on Feb 10, 2016.
             The game lasted 00:14:39 (6796 turns).

Ijustatesigmund the Cudgeler (Demonspawn Fighter)   Turns: 6796, Time: 00:14:39

Health: -16/65     AC: 11    Str: 18    XL:     8   Next: 39%
Magic:  8/8        EV: 10    Int: 19    God:    Okawaru [......]
Gold:   331        SH:  9    Dex: 14    Spells: 0 memorised, 7 levels left

rFire  . . .     SeeInvis .     a - +0 flail
rCold  . . .     Gourm    .     y - +2 leather armour "Wanilot" {Int+5}
rNeg   . . .     Faith    .     c - +0 shield
rPois  .         Spirit   .     d - +2 helmet
rElec  .         Dismiss  .     e - +1 cloak
rCorr  .         Reflect  .     u - +0 pair of gloves
SustAt .         Harm     .     (no boots)
MR     +....                    (no amulet)
Stlth  +.........               s - ring of protection from magic
                                o - +5 ring of intelligence

@: somewhat resistant to hostile enchantments, very unstealthy
A: sturdy frame 1
a: Renounce Religion


You were on level 7 of the Dungeon.
You worshipped Okawaru.
Okawaru was noncommittal.
You were not hungry.

You visited 2 branches of the dungeon, and saw 8 of its levels.

You collected 331 gold pieces.

Inventory:

Hand Weapons
 a - a +0 flail (weapon)
 t - a +0 hunting sling of flaming
Armour
 c - a +0 shield (worn)
 d - a +2 helmet (worn)
 e - a +1 cloak (worn)
 u - a +0 pair of gloves (worn)
 y - the +2 leather armour "Wanilot" (worn) {Int+5}
   (You found it on level 6 of the Dungeon)

   It affects your intelligence (+5).
Jewellery
 o - a +5 ring of intelligence (left hand)
 s - a ring of protection from magic (right hand)
Wands
 q - a wand of random effects (21/48)
 w - a wand of acid (9/15)
Scrolls
 j - a scroll of identify
 k - 3 scrolls of remove curse
 l - 2 scrolls of teleportation
 v - a scroll of recharging
Potions
 g - a potion of brilliance
 n - 2 potions of flight
 r - a potion of lignification
 x - a potion of resistance
Comestibles
 f - 5 bread rations
 i - 2 meat rations


   Skills:
 + Level 6.4 Fighting
 * Level 7.7 Maces & Flails
 - Level 2.6 Armour
 - Level 2.0 Dodging
 - Level 2.6 Shields


You had 7 spell levels left.
You didn't know any spells.

Dungeon Overview and Level Annotations

Branches:
Dungeon (7/15)             Temple (1/1) D:6

Altars:
Elyvilon
Okawaru
Vehumet
Xom
The Shining One


Innate Abilities, Weirdness & Mutations

Your movements are slightly less encumbered by armour (ER -2).


Message History

The giant frog moves out of view.
The orc warrior hits you with a glaive!!
* * * LOW HITPOINT WARNING * * *
You block the orc's attack.
You hit the orc warrior but do no damage.
The orc warrior is almost dead.
The orc warrior hits you with a glaive.
* * * LOW HITPOINT WARNING * * *
The orc priest casts a cantrip, but nothing happens.
You barely miss the orc warrior.
The orc warrior is almost dead.
The orc warrior closely misses you.
The orc wizard points at you and mumbles some strange words.
The magic dart hits you!
* * * LOW HITPOINT WARNING * * *
You hit the orc warrior but do no damage.
The orc warrior is almost dead.
You block the orc wizard's attack.
The orc warrior hits you with a glaive!!
You die...

#........#
#.#8#....#
#+###....###
#...$..#
#...##.....
#....#......
#....# .....
#....# ..$..
#..o@# ....
#..#o# .oY.
####o#


#oY ##o .. .. ##. #.... . ...#... You could see an orc warrior, an ice beast, an
orc priest, 2 orc wizards and an orc.

Vanquished Creatures
  An ice beast (D:7)
  2 ogres
  2 centaurs
  2 giant frogs (D:7)
  2 hounds (D:5)
  A quasit (D:5)
  5 orc priests
  A centaur skeleton (D:4)
  A giant frog skeleton (D:4)
  6 orc wizards
  3 worker ants
  Robin (D:2)
  A worker ant zombie (D:5)
  3 gnolls (D:5)
  10 adders
  5 oozes
  3 worms
  6 giant geckos
  17 orcs
  6 giant cockroaches
  14 goblins
  12 hobgoblins
  9 jackals
  9 kobolds
  4 quokkas
  6 bats
  3 giant newts
  8 rats
143 creatures vanquished.

Vanquished Creatures (others)
  An orc (D:6)
1 creature vanquished.

Grand Total: 144 creatures vanquished

Notes
Turn   | Place    | Note
--------------------------------------------------------------
     0 | D:1      | Ijustatesigmund the Demonspawn Fighter began the quest for the Orb.
     0 | D:1      | Reached XP level 1. HP: 18/18 MP: 1/1
    69 | D:1      | Gained mutation: Your movements are slightly less encumbered by armour (ER -2). [demonic ancestry]
    69 | D:1      | Reached XP level 2. HP: 24/24 MP: 2/2
   862 | D:2      | Reached XP level 3. HP: 21/29 MP: 3/3
  1545 | D:2      | Found a glowing golden altar of the Shining One.
  1683 | D:2      | Reached XP level 4. HP: 34/36 MP: 4/4
  1817 | D:2      | Noticed Robin
  1836 | D:2      | Killed Robin
  2221 | D:2      | Reached skill level 4 in Fighting
  2357 | D:3      | Found a faded altar to an unknown god.
  2378 | D:3      | Reached XP level 5. HP: 38/42 MP: 5/5
  3063 | D:3      | Found a white marble altar of Elyvilon.
  3199 | D:4      | HP: 1/42 [orc priest/divine providence (10)]
  3210 | D:4      | Upgraded the game from 0.18-a0-1292-ge8ad84c to 0.18-a0-1293-g5a2c81a
  3210 | D:4      | Reached XP level 6. HP: 5/49 MP: 6/6
  3649 | D:4      | Reached skill level 5 in Maces & Flails
  3985 | D:5      | Entered Level 5 of the Dungeon
  4076 | D:5      | Reached skill level 5 in Fighting
  4079 | D:5      | Reached skill level 1 in Dodging
  4079 | D:5      | Reached XP level 7. HP: 38/56 MP: 7/7
  4643 | D:5      | Reached skill level 6 in Maces & Flails
  5555 | D:6      | Found a staircase to the Ecumenical Temple.
  5604 | Temple   | Entered the Ecumenical Temple
  5639 | Temple   | Became a worshipper of Warmaster Okawaru
  5767 | D:6      | Reached skill level 7 in Maces & Flails
  5767 | D:6      | Reached XP level 8. HP: 30/64 MP: 8/8
  6147 | D:6      | Got a scorched leather armour
  6158 | D:6      | Identified the +2 leather armour "Wanilot" {Int+5} (You found it on level 6 of the Dungeon)
  6796 | D:7      | Demolished by an orc warrior

Vault maps used:
D:1:      minmay_arrival_up_and_down, kennysheep_boxes
D:2:      serial_park_tiny_2, hangedman_decor_slide_cut,
          nicolae_tso_carved_into_rock, uniq_robin
D:3:      lemuel_crystal_altar, ecumenical_altar_2, first_bread,
          kennysheep_generic_room_15
D:6:      temple_pool_b
D:7:      grunt_temple_overflow_open, lemuel_mausoleum_altar_kikubaaqudgha,
          serial_shops, kennysheep_mini_moat, kennysheep_little_box,
          grunt_livestock
Temple:   dpeg_five_rooms_temple_12

Action                   |  1- 3 |  4- 6 |  7- 9 || total
-------------------------+-------+-------+-------++-------
Melee: Flail             |   159 |   286 |   212 ||   657
  Use: Scroll            |     7 |     6 |     6 ||    19
       Potion            |       |     3 |     2 ||     5
 Stab: Invisible         |       |       |     2 ||     2
       Sleeping          |       |       |     1 ||     1
  Eat: Chunk             |     3 |     7 |     5 ||    15
       Pizza             |       |       |     1 ||     1
       Beef jerky        |       |       |     1 ||     1
       Fruit             |       |       |     5 ||     5
